 Dungeon Crawl Stone Soup version 0.30-a0-709-gcdc1b43e22 (webtiles) character file.

Game seed: 8731060371504383613

30 Dartaoz the Shooter (level 3, -5/30 HPs)
             Began as a Minotaur Hunter on Jan 22, 2023.
             Slain by a goblin
             ... wielding a +0 club
             ... led by Robin
              (6 damage)
             ... on level 1 of the Dungeon.
             The game lasted 00:01:34 (915 turns).

Dartaoz the Shooter (Minotaur Hunter)                Turns: 915, Time: 00:01:35

Health: -5/30      AC:  4    Str: 15    XL:     3   Next: 5%
Magic:  2/2        EV: 12    Int:  6    God:
Gold:   20         SH:  0    Dex: 15    Spells: 2/2 levels left

rFire   . . .      SeeInvis .    a - +0 shortbow
rCold   . . .      Faith    .    (shield currently unavailable)
rNeg    . . .      Spirit   .    c - +0 leather armour
rPois   .          Reflect  .    (helmet restricted)
rElec   .          Harm     .    (no cloak)
rCorr   .          Rampage  .    f - +0 pair of gloves
Will    .....                    (no boots)
Stlth   +                        (no amulet)
HPRegen 0.25/turn                (no ring)
MPRegen 0.08/turn                (no ring)

@: lethally poisoned (-5 -> -16)
A: horns 2, retaliatory headbutt
a: no special abilities


You were on level 1 of the Dungeon.
You visited 1 branch of the dungeon, and saw 2 of its levels.

You collected 20 gold pieces.

Inventory:

Hand Weapons
 a - a +0 shortbow (weapon)
Armour
 c - a +0 leather armour (worn)
 f - a +0 pair of gloves (worn)
Scrolls
 b - a scroll of immolation
 d - a scroll of noise {unknown}
 g - a scroll of fear {unknown}
 h - a scroll of silence {unknown}
 i - a scroll of teleportation {unknown}
 j - a scroll of identify {unknown}
Potions
 e - a potion of curing {unknown}
 k - a potion of flight {unknown}


   Skills:
 - Level 2.4 Fighting
 + Level 5.5 Ranged Weapons
 - Level 2.1 Dodging
 - Level 0.7 Stealth


You had 2 spell levels left.
You didn't know any spells.
Your spell library was empty.

Dungeon Overview and Level Annotations

Branches:
Dungeon (2/15)

Altars:

Annotations:
D:2 Robin, Terence


Innate Abilities, Weirdness & Mutations

You have a pair of horns on your head.
You reflexively headbutt those who attack you in melee.


Message History

You have reached level 3!
Your experience leads to an increase in your attributes!
Increase (S)trength, (I)ntelligence, or (D)exterity?
You feel agile. x2
You shoot an arrow. The arrow closely misses the goblin.
The goblin shouts! x2
The goblin closely misses you. The hobgoblin hits you.
The goblin hits you with a +0 club.
The goblin hits you with a +1 dagger of venom.
You are poisoned.
The hobgoblin hits you but does no damage.
The goblin barely misses you.
You climb upwards.
You feel very sick.
There is a stone staircase leading down here.
You are too injured to fight recklessly!
You shoot an arrow.
The arrow hits the hobgoblin but does no damage.
The hobgoblin is heavily wounded.
You feel sick. The goblin barely misses you. The hobgoblin misses you.
You furiously retaliate!
You headbutt the hobgoblin!
You kill the hobgoblin!
The goblin barely misses you. You furiously retaliate!
You headbutt the goblin. You shoot an arrow.
The arrow closely misses the goblin.
You feel sick. The goblin hits you with a +0 club.
* * * LOW HITPOINT WARNING * * *
The goblin hits you with a +1 dagger of venom.
* * * LOW HITPOINT WARNING * * *
You are lethally poisoned!
You shoot an arrow. The arrow closely misses the goblin.
* * * LOW HITPOINT WARNING * * *
You feel very sick.
The goblin barely misses you. x2; The goblin closely misses you.
The goblin hits you but does no damage.
You are more poisoned.
You shoot an arrow. The arrow closely misses the goblin.
* * * LOW HITPOINT WARNING * * *
You feel very sick. The goblin hits you with a +0 club.
You die...

...# #.....# ...#
####.## ...# #.# ...#
#.# ...# #.# ##.# #.#
.#.# #.#
##.#############.#####
...............†@g...#
.################g...#
.# ##.....# .###
#..#^..# ...###
#.#.#..# ##...#
###.#.#..# ###.####
#..#..#..#
#....#####.#...#..#
####.##.......#...#


You could see 2 goblins.

Vanquished Creatures
  2 dart slugs (D:1)
  2 ball pythons (D:1)
  An endoplasm (D:1)
  7 goblins
  3 hobgoblins (D:1)
  3 kobolds (D:1)
  A quokka (D:1)
  A frilled lizard (D:1)
  3 rats (D:1)
23 creatures vanquished.

Notes
Turn   | Place    | Note
-------+----------+-------------------------------------------
     0 | D:1      | Dartaoz the Minotaur Hunter began the quest for the Orb.
     0 | D:1      | Reached XP level 1. HP: 18/18 MP: 0/0
   180 | D:1      | Reached XP level 2. HP: 25/25 MP: 1/1
   299 | D:1      | Reached skill level 5 in Ranged Weapons
   845 | D:2      | Noticed Terence
   903 | D:2      | Noticed Robin
   909 | D:2      | Reached XP level 3. HP: 27/30 MP: 2/2
   915 | D:1      | HP: 1/30 [poisoned by a goblin]
   915 | D:1      | Slain by a goblin

Illustrated notes

Levels and vault maps discovered:
D:1:      ebering_trefoil_3fold, layout_basic, minmay_quantized
D:2:      layout_rooms, chequers_ecumenical_altar_simple, uniq_robin,
          uniq_terence, uniq_natasha

Skill      XL: |  1  2 |
---------------+-------+-----
Ranged Weapons | 5 |  5.5
Fighting       | |  2.4
Dodging        | |  2.1
Stealth        | |  0.7

Action                     || total
---------------------------++-------
   Fire: Shortbow          ||    64
 Armour: Leather armour    ||    13
  Dodge: Dodged            ||    21

Table legend: (Time is in decaauts)
 A = Elapsed time spent in this place.
 B = Non-inter-level travel time spent in this place.
 C = Inter-level travel time spent in this place.
 D = Time resting spent in this place.
 E = Time spent auto-exploring this place.
 F = Levels seen in this place.
 G = Mean time per level.
                   A        B        C        D        E       F      G
               +--------+--------+--------+--------+--------+-----+--------+
         Total |    933 |    867 |     66 |      0 |    719 |   2 |  466.5 |
       Dungeon |    933 |    867 |     66 |      0 |    719 |   2 |  466.5 |
               +--------+--------+--------+--------+--------+-----+--------+

Top non-repeatable levels by time:
     D:1: 896 daAuts
     D:2: 37 daAuts
